 Dungeon Crawl Stone Soup version 0.29-a0-643-ga013cefcf8 (webtiles) character file.

Game seed: 8682142361693197954

364 CollectiveS the Cudgeller (level 6, -22/47 HPs)
             Began as a Demonspawn Fighter on June 19, 2022.
             Annihilated by an ogre
             ... wielding a +0 giant spiked club
              (28 damage)
             ... on level 5 of the Dungeon.
             The game lasted 00:12:49 (5065 turns).

CollectiveS the Cudgeller (Demonspawn Fighter)      Turns: 5065, Time: 00:12:49

Health: -22/47     AC: 12    Str: 19    XL:     6   Next: 39%
Magic:  6/6        EV:  5    Int:  9    God:
Gold:   282        SH:  5    Dex: 18    Spells: 4/5 levels left

rFire   . . .      SeeInvis .   r - +0 whip (freeze)
rCold   . . .      Faith    .   c - +0 buckler
rNeg    + . .      Spirit   .   D - +0 plate armour
rPois   .          Reflect  .   b - +0 helmet
rElec   .          Harm     .   (no cloak)
rCorr   .          Rampage  .   (gloves unavailable)
Will    .....                   (no boots)
Stlth   ..........              (no amulet)
HPRegen 0.15/turn               u - +6 ring of dexterity
MPRegen 0.10/turn               v - ring of positive energy

@: no status effects
A: demonic touch 3
a: no special abilities


You were on level 5 of the Dungeon.
You visited 1 branch of the dungeon, and saw 5 of its levels.

You collected 282 gold pieces.

Inventory:

Hand Weapons
 a - a +0 flail
 r - a +0 whip of freezing (weapon)
 C - the +3 quarterstaff "Gaqyrew" {speed, rPois}
   (You found it on level 5 of the Dungeon)

   Attacks with this weapon are significantly faster.
   rPois:     It protects you from poison.
Missiles
 B - 5 poisoned darts (quivered)
Armour
 b - a +0 helmet (worn)
 c - a +0 buckler (worn)
 D - a +0 plate armour (worn)
Jewellery
 u - a +6 ring of dexterity (left hand)
 v - a ring of positive energy (right hand)
 A - a ring of protection from cold
Scrolls
 j - 2 scrolls of amnesia {unknown}
 k - 4 scrolls of teleportation {unknown}
 l - a scroll of enchant armour {unknown}
 m - 4 scrolls of identify {unknown}
 n - a scroll of brand weapon {unknown}
 o - a scroll of silence {unknown}
 q - 2 scrolls of noise {unknown}
 w - a scroll of vulnerability {unknown}
 x - 3 scrolls of fog {unknown}
 y - a scroll of fear {unknown}
 z - a scroll of torment {unknown}
Potions
 d - 3 potions of might
 f - 2 potions of mutation {unknown}
 g - a potion of resistance
 h - a potion of brilliance {unknown}
 i - 2 potions of degeneration {unknown}
 p - a potion of haste
 s - 3 potions of curing
 t - a potion of attraction {unknown}


   Skills:
 - Level 3.1 Fighting
 + Level 6.1 Maces & Flails
 - Level 2.8 Armour
 - Level 2.8 Shields


You had 4 spell levels left.
You knew the following spells:

 Your Spells              Type           Power      Damage    Failure   Level
a - Summon Small Mammal   Summ           0%         N/A       100%        1

Your spell library contained the following spells:

 Spells                   Type           Power      Damage    Failure   Level
 Apportation              Tloc           0%         N/A       100%        1
 Necrotize                Necr           0%         1d4       100%        1


Dungeon Overview and Level Annotations

Branches:
Dungeon (5/15)
 Temple: D:4-7

Altars:
Gozag

Shops:
D:4 !

Annotations:
D:3 Grinder
D:5 3 runed translucent doors, Fidrik's ghost, novice DrTm; MoonlitKnight's ghost, novice HOFi; Zebulonius's ghost, novice DECj


Innate Abilities, Weirdness & Mutations

Your touch may irresistibly damage your foes and sap their willpower.


Message History

Found a scroll labelled SYMAMO FOADOONT.
An ogre comes into view. It is wielding a +0 giant spiked club.
The ogre shouts!
Found 13 gold pieces.
There is a stone staircase leading up here.
You aren't carrying any items that you can evoke.
Throw: 6 darts (poison)
Press: ? - help, Q - select action, (/) - cycle Shift-Dir - straight line, f - ogre
Aim: an ogre, wielding a +0 giant spiked club (76% to hit)
You throw a poisoned dart. The poisoned dart hits the ogre.
The ogre is poisoned.
You whack the ogre! You freeze the ogre.
The ogre is heavily wounded.
The ogre hits you with a +0 giant spiked club!
You hit the ogre but do no damage.
The ogre is heavily wounded.
You hit the ogre. You freeze the ogre.
The ogre is severely wounded.
You block the ogre's attack.
You hit the ogre but do no damage.
The ogre is severely wounded.
You barely miss the ogre.
The ogre is severely wounded.
The ogre hits you with a +0 giant spiked club!
You completely miss the ogre.
The ogre is severely wounded.
You barely miss the ogre.
The ogre is severely wounded.
You block the ogre's attack.
You hit the ogre. You freeze the ogre.
The ogre is almost dead.
The ogre hits you with a +0 giant spiked club!
* * * LOW HITPOINT WARNING * * *
You barely miss the ogre.
The ogre is almost dead.
You barely miss the ogre.
The ogre is almost dead.
The ogre hits you with a +0 giant spiked club!!
Ouch! That really hurt!
You die...

....##......#
...####......# ...#
#...... ...# ......
g..# #..... ## ...#
.... #.# ...# ## ..#
##..# ...# ##.. #...#
.......... ##@..#
.......... ##O...#
......#...####(....##
#....###............#
....###............#
...#.............##
.........#...#.#
........)###..##
...###...# ####


You could see an ogre (poisoned).

Vanquished Creatures
  An ogre (D:5)
  An iguana (D:4)
  Robin (D:2)
  8 gnolls
  5 adders
  2 ufetubi
  A worm (D:2)
  3 dart slugs
  5 orcs (D:3)
  11 endoplasms
  3 giant cockroaches (D:1)
  5 hobgoblins
  8 kobolds
  7 quokkas
  5 ball pythons
  2 bats (D:1)
  5 frilled lizards
  16 goblins
  6 rats
95 creatures vanquished.

Vanquished Creatures (others)
  11 plants
  4 withered plants (D:5)
15 creatures vanquished.

Grand Total: 110 creatures vanquished

Notes
Turn   | Place    | Note
-------+----------+-------------------------------------------
     0 | D:1      | CollectiveS the Demonspawn Fighter began the quest for the
                  | Orb.
     0 | D:1      | Reached XP level 1. HP: 18/18 MP: 1/1
   423 | D:1      | Reached skill level 2 in Maces & Flails
   426 | D:1      | Gained mutation: Your touch may inflict minor irresistible
                  | damage on your foes. [demonic ancestry]
   426 | D:1      | Reached XP level 2. HP: 21/24 MP: 2/2
   590 | D:1      | Learned a level 1 spell: Summon Small Mammal
  1089 | D:1      | Gained mutation: Your touch may inflict irresistible damage
                  | on your foes. [demonic ancestry]
  1089 | D:1      | Reached XP level 3. HP: 29/29 MP: 3/3
  1250 | D:2      | Reached skill level 3 in Maces & Flails
  1355 | D:2      | Noticed Robin
  1376 | D:2      | Killed Robin
  1423 | D:2      | Reached XP level 4. HP: 10/35 MP: 4/4
  1850 | D:2      | Reached skill level 4 in Maces & Flails
  2500 | D:3      | Found an opulent altar of Gozag.
  2801 | D:3      | Gained mutation: Your touch may irresistibly damage your
                  | foes and sap their willpower. [demonic ancestry]
  2801 | D:3      | Reached XP level 5. HP: 41/41 MP: 5/5
  3492 | D:3      | Noticed Grinder
  3584 | D:4      | Reached skill level 5 in Maces & Flails
  4187 | D:4      | Found Vibbum's Distillery.
  4696 | D:5      | Entered Level 5 of the Dungeon
  4730 | D:5      | Identified the +3 quarterstaff "Gaqyrew" {speed, rPois}
  4782 | D:5      | Found a runed translucent gate.
  4783 | D:5      | Found a runed translucent gate.
  4783 | D:5      | Found a runed translucent gate.
  4791 | D:5      | Noticed Fidrik's ghost (novice DrTm)
  4791 | D:5      | Noticed Zebulonius's ghost (novice DECj)
  4791 | D:5      | Noticed MoonlitKnight's ghost (novice HOFi)
  4805 | D:5      | Reached XP level 6. HP: 41/47 MP: 6/6
  5023 | D:5      | Reached skill level 6 in Maces & Flails
  5065 | D:5      | Annihilated by an ogre

Illustrated notes

Levels and vault maps discovered:
D:1:      eino_arrival_water_cross, layout_loops_cross
D:2:      layout_basic, serial_forest, infiniplex_forest_clump_curved,
          infiniplex_forest_lined_room_2, infiniplex_forest_clump_diagonal,
          infiniplex_forest_straight_3, infiniplex_forest_clump_tiny,
          infiniplex_forest_straight_3, infiniplex_forest_clump_small,
          infiniplex_forest_corner_2, infiniplex_forest_straight_3,
          infiniplex_forest_lined_2, uniq_robin
D:3:      layout_rooms, mainiacjoe_overflow_paths, uniq_grinder
D:4:      layout_loops_ring, serial_shops, shop, roderic_roman_lattice,
          chequers_mini_garden, minmay_crystal_room
D:5:      kennysheep_kobold_camp, layout_layer_cave, gammafunk_ghost_cemetery,
          amcnicky_mini_rare_corridor_liquid, hangedman_minor_gate_pass

Skill      XL: |  1  2  3  4  5  6 |
---------------+-------------------+-----
Maces & Flails | 2 3 4 5 6 |  6.1
Fighting       | |  3.1
Armour         | |  2.8
Shields        | |  2.8

Action                   |  1- 3 |  4- 6 || total
-------------------------+-------+-------++-------
Melee: Flail             |   107 |   115 ||   222
       Whip              |       |   117 ||   117
Throw: Dart              |       |     1 ||     1
  Use: Potion            |     1 |       ||     1
Armor: Chain mail        |    67 |   101 ||   168
       Plate armour      |       |     1 ||     1
Dodge: Dodged            |    26 |    71 ||    97
Block: Buckler           |    26 |    40 ||    66

Table legend: (Time is in decaauts)
 A = Elapsed time spent in this place.
 B = Non-inter-level travel time spent in this place.
 C = Inter-level travel time spent in this place.
 D = Time resting spent in this place.
 E = Time spent auto-exploring this place.
 F = Levels seen in this place.
 G = Mean time per level.
                   A        B        C        D        E       F      G
               +--------+--------+--------+--------+--------+-----+--------+
         Total |   5110 |   4694 |    416 |    361 |   3077 |   5 | 1022.0 |
       Dungeon |   5110 |   4694 |    416 |    361 |   3077 |   5 | 1022.0 |
               +--------+--------+--------+--------+--------+-----+--------+

Top non-repeatable levels by time:
     D:2: 1419 daAuts
     D:1: 1216 daAuts
     D:4: 1209 daAuts
     D:3: 978 daAuts
     D:5: 285 daAuts
